 Adventure DCSS version bcrawl-1.21.3-16-g7f46a08de7 (webtiles) character file.

Game seed: 15344479254667957360

2 funkygono the Shield-Bearer (level 1, -2/23 HPs)
             Began as a Gnoll Fighter on Apr 29, 2020.
             Slain by an iguana (13 damage)
             ... on level 4 of the Dungeon.
             The game lasted 00:03:26 (601 turns).

funkygono the Shield-Bearer (Gnoll Fighter)          Turns: 601, Time: 00:03:27

Health: -2/23      AC:  1    Str: 18    XL:     1   Next: 40%
Magic:  1/1        EV: 11    Int: 10    God:
Gold:   68         SH:  0    Dex: 15    Spells: 1/1 levels left
                                        Lives:  0   Deaths: 2

rFire    . . .     SeeInvis .   f - +1 short sword (venom)
rCold    . . .     Gourm    .   (no shield)
rNeg     . . .     Faith    .   (no armour)
rPois    .         Spirit   .   (no helmet)
rElec    .         Reflect  .   (no cloak)
rCorr    .         Harm     .   (no gloves)
MR       .....                  (no boots)
Stlth    ++........             (no amulet)
HPRegen  0.07/turn              g - +1 ring of protection
MPRegen  0.07/turn              (no ring)

@: no status effects
A: distributed training, fangs 1, strong nose
a: no special abilities


You were on level 4 of the Dungeon.
You were not hungry.

You visited 1 branch of the dungeon, and saw 4 of its levels.

You collected 68 gold pieces.

Inventory:

Hand Weapons
 f - a +1 short sword of venom (weapon)
Armour
 b - a +0 scale mail
 c - a +0 medium shield
Jewellery
 g - a +1 ring of protection (left hand)
Scrolls
 a - a scroll of teleportation {unknown}
Potions
 d - a potion of might
Comestibles
 e - a ration {!d}


   Skills:
 + Level 6.5 Fighting
 + Level 0.6 Short Blades
 + Level 4.5 Long Blades
 + Level 0.6 Axes
 + Level 0.6 Maces & Flails
 + Level 0.6 Polearms
 + Level 0.6 Staves
 + Level 0.6 Slings
 + Level 0.6 Bows
 + Level 0.6 Crossbows
 + Level 0.6 Throwing
 + Level 6.5 Armour
 + Level 0.6 Dodging
 + Level 0.6 Stealth
 + Level 6.5 Shields
 + Level 0.6 Unarmed Combat
 + Level 0.6 Spellcasting
 + Level 0.4 Conjurations
 + Level 0.4 Hexes
 + Level 0.4 Charms
 + Level 0.4 Summonings
 + Level 0.4 Necromancy
 + Level 0.4 Translocations
 + Level 0.4 Transmutations
 + Level 0.4 Fire Magic
 + Level 0.4 Ice Magic
 + Level 0.4 Air Magic
 + Level 0.4 Earth Magic
 + Level 0.4 Poison Magic
 + Level 0.8 Invocations
 + Level 0.6 Evocations


You had one spell level left.
You didn't know any spells.
Your spell library was empty.

Dungeon Overview and Level Annotations

Branches:
Dungeon (4/12)
 Temple: D:4-7

Altars:


Innate Abilities, Weirdness & Mutations

Your experience applies equally to all skills.
You have very sharp teeth.
Your uncanny sense of smell can sniff out nearby items.


Message History

There are monsters nearby!
The howler monkey howls!
Found a scroll labeled DEUC GEN FIPS.
The howler monkey hoots and howls with incredible vigour!
You hear an angry hiss.
Found a ration.
An adder comes into view.
The howler monkey hits you! The howler monkey barely misses you.
The iguana closely misses you.
The howler monkey hoots and howls with incredible vigour!
You see here a ration {!d}.
You closely miss the iguana. The howler monkey barely misses you.
The iguana barely misses you.
You hit the howler monkey.
The howler monkey is poisoned.
The howler monkey is lightly wounded.
The howler monkey barely misses you. The iguana bites you.
You closely miss the iguana. The howler monkey hits you. The iguana bites you!
Ouch! That really hurt!
You die...

#...$.###
#.......#
#.......
###.....##
#......$.##
#........##
#<........###
#.........l.##
#........Sh@.#
#....([#######
#......#
#........#
#...#.....#
#..######.?#
#.. ##.


You could see a howler monkey, an iguana and an adder.

Vanquished Creatures
  An adder (D:2)
  2 dart slugs (D:1)
  3 orcs (D:3)
  A bat (D:1)
  2 giant cockroaches (D:1)
  2 goblins (D:1)
  4 kobolds
  A rat (D:1)
16 creatures vanquished.

Notes
Turn   | Place    | Note
-------+----------+-------------------------------------------
     0 | D:1      | funkygono the Gnoll Fighter began the quest for the Orb.
     0 | D:1      | Reached XP level 1. HP: 23/23 MP: 1/1
   105 | D:1      | Reached XP level 2. HP: 29/29 MP: 2/2
   428 | D:2      | Reached XP level 3. HP: 20/35 MP: 3/3
   489 | D:2      | Slain by a frilled lizard
   490 | D:2      | Reached XP level 2. HP: 0/29 MP: 2/2
   549 | D:3      | Slain by an orc
   550 | D:3      | Reached XP level 1. HP: -2/23 MP: 1/1
   588 | D:4      | Noticed an iguana
   588 | D:4      | Noticed a howler monkey
   601 | D:4      | Slain by an iguana

Action                   || total
-------------------------++-------
Melee: Short sword       ||    30
       Bite              ||     3
       Long sword        ||     1
Armor: Scale mail        ||    13
       Skin              ||    20
Dodge: Dodged            ||    78
Block: Medium shield     ||    13
